 Dungeon Crawl Stone Soup version 0.29-a0-284-gf9362112df (webtiles) character file.

Game seed: 8078528168791772682

7100 Oblizorion the Protected (level 10, -7/94 HPs)
             Began as a Deep Dwarf Fighter on Mar 15, 2022.
             Was an Initiate of Ru.
             Killed from afar by a tengu conjurer (16 damage)
             ... with a bolt of lightning
             ... on level 10 of the Dungeon on Mar 17, 2022.
             The game lasted 01:42:32 (12325 turns).

Oblizorion the Protected (Deep Dwarf Fighter)      Turns: 12325, Time: 01:42:32

Health: -7/94      AC: 21    Str: 22    XL:     10   Next: 84%
Magic:  0/0        EV:  4    Int:  9    God:    Ru [......]
Gold:   305        SH: 16    Dex: 14    Spells: 9/9 levels left

rFire   x . .      SeeInvis .   a - +4 falchion (freeze)
rCold   + . .      Faith    .   s - +0 tower shield
rNeg    . . .      Spirit   .   b - +0 plate armour
rPois   +          Reflect  .   (no helmet)
rElec   .          Harm     .   A - +2 cloak {rCorr}
rCorr   +          Rampage  .   (no gloves)
Will    +....                   (no boots)
Stlth   ..........              (no amulet)
HPRegen 0.00/turn               I - +4 ring of protection
MPRegen 0.07/turn               w - ring of ice

@: studying Fighting
A: damage resistance, heal wounds, sense surroundings 3, no regeneration, poison
resistance
a: Heal Wounds, Renounce Religion, Sacrifice an Eye, Sacrifice Skill, Sacrifice
Health, Reject Sacrifices


You were on level 10 of the Dungeon.
You worshipped Ru.
Ru was noncommittal.
You visited 1 branch of the dungeon, and saw 10 of its levels.
You also visited: Bailey.

You collected 473 gold pieces.
You spent 168 gold pieces at shops.

Inventory:

Hand Weapons
 a - a +4 falchion of freezing (weapon)
 e - a +3 hand axe of draining
 i - a +2 mace of protection
Missiles
 c - 2 silver boomerangs (quivered)
 v - 13 poisoned darts
 x - 2 curare-tipped darts
Armour
 b - a +0 plate armour (worn)
 s - a +0 tower shield (worn)
 A - a +2 cloak of preservation (worn)
Jewellery
 r - a ring of willpower
 t - a ring of fire
 w - a ring of ice (right hand)
 I - a +4 ring of protection (left hand)
Wands
 m - a wand of polymorph (6)
 n - a wand of iceblast (12)
 C - a wand of charming (3)
 E - a wand of acid (10)
 H - a wand of digging (13)
Scrolls
 f - a scroll of silence
 g - a scroll of blinking
 j - a scroll of summoning
 o - 2 scrolls of fear
 q - 6 scrolls of identify
Potions
 d - 2 potions of might
 h - a potion of flight
 k - 2 potions of curing
 B - a potion of magic


   Skills:
 + Level 7.3 Fighting
 + Level 1.0(5.5) Short Blades
 + Level 9.4(9.5) Long Blades
 + Level 1.5 Maces & Flails
 + Level 3.5 Throwing
 + Level 9.7 Armour
 + Level 1.7 Dodging
 + Level 0.8 Stealth
 + Level 9.5 Shields
 + Level 0.8 Evocations


You had 9 spell levels left.
You didn't know any spells.
Your spell library contained the following spells:

 Spells                   Type           Power      Damage    Failure   Level
 Ensorcelled Hibernation  Hex/Ice        0%         N/A       100%        2
 Gell's Gravitas          Tloc           0%         N/A       100%        3
 Spider Form              Tmut/Pois      0%         N/A       100%        3
 Teleport Other           Tloc           0%         N/A       100%        3
 Tukima's Dance           Hex            0%         N/A       100%        3
 Anguish                  Hex/Necr       0%         N/A       100%        4
 Dispersal                Tloc           0%         N/A       100%        6
 Enfeeble                 Hex            0%         N/A       100%        7


Dungeon Overview and Level Annotations

Branches:
Dungeon (10/15)            Temple (0/1) D:5          Bailey (visited)
   Lair: D:8-11         Orc: D:9-12

Altars:
Gozag
Okawaru
Ru
Sif Muna

Shops:
D:1 (   D:5 !   D:9 =


Innate Abilities, Weirdness & Mutations

You are resistant to damage.
You can heal yourself by infusing magical energy.
You passively map a large area around you.
You do not regenerate.
Your system is resistant to poisons. (rPois)


Message History

A tengu conjurer comes into view. x2
Throw: 2 boomerangs (silver)
Press: ? - help, Q - select action, (/) - cycle Shift-Dir - straight line, f - tengu conjurer
Aim: a tengu conjurer, wearing a +0 buckler (39% to hit)
You throw a silver boomerang.
The silver boomerang hits the tengu conjurer.
The tengu conjurer is lightly wounded.
The tengu conjurer gestures wildly while chanting.
The tengu conjurer conjures a globe of magical energy!
A battlesphere comes into view.
Throw: 2 boomerangs (silver)
Press: ? - help, Q - select action, (/) - cycle Shift-Dir - straight line, f/p - tengu conjurer
Aim: a tengu conjurer, wearing a +0 buckler (lightly wounded, 39% to hit)
You throw a silver boomerang.
The silver boomerang barely misses the tengu conjurer.
The tengu conjurer completely misses you.
You block the tengu conjurer's attack. The tengu conjurer claws you.
The battlesphere moves out of view.
The tengu conjurer blocks your attack.
The tengu conjurer is lightly wounded.
The tengu conjurer hits you but does no damage.
The tengu conjurer barely misses you.
The tengu conjurer claws you but does no damage.
You hit the tengu conjurer. You freeze the tengu conjurer.
The tengu conjurer is moderately wounded.
The tengu conjurer points at you and mumbles some strange words.
The bolt of lightning hits you!
* * * LOW HITPOINT WARNING * * *
The bolt of lightning hits you!!
* * * LOW HITPOINT WARNING * * *
The tengu conjurer mumbles some strange words.
The tengu conjurer conjures a globe of magical energy!
A battlesphere comes into view.
The tengu conjurer attacks as you move away!
You block the tengu conjurer's attack.
The tengu conjurer pecks you but does no damage.
The tengu conjurer claws you but does no damage.
The tengu conjurer gestures at you while chanting.
The bolt of lightning hits you!!
You die...

** ,* , ######..# *
#..# , * * * * #..#
,, , ⌠ #########..#
* ∩, ,
###..........#######
* ,
#........)........<.
* * ,
#####'....#####..# ,
* ###....###..# #..#
** ##..@.....##.#
#..# ,
#.*.####...#..# #..#
* #.Q## , #..##.#
#... * ,#..Q#
*...#.# #... , #....
* ...#.# ###. , *
#.?... ,, ..#.# #.
*, #...#.. , ..#.#
## ** * , ##..##.) ,
##.# , , #... ###
#..#######


You could see 2 tengu conjurers and a battlesphere.

Vanquished Creatures
  2 two-headed ogres
  Pikel (D:7)
  Maurice (D:8)
  A tengu conjurer (D:10)
  A troll (D:5)
  A wraith (D:9)
  10 yaks
  Eustachio (D:5)
  2 orc warriors
  2 ice beasts (D:7)
  5 sky beasts
  2 ogres
  2 phantoms (D:7)
  3 centaurs (D:8)
  Blork the orc (D:5)
  2 kobold brigands (D:9)
  2 necrophages
  2 bullfrogs
  5 wights (D:6)
  5 killer bees (D:8)
  4 jellies
  A hound (D:3)
  4 orc priests
  3 gnoll shamans
  4 iguanas
  3 orc wizards
  9 gnolls
  5 adders
  An ufetubus (D:5)
  2 worms
  22 orcs
  3 endoplasms
  5 goblins
  8 hobgoblins
  17 kobolds
  5 quokkas
  6 ball pythons
  6 bats
  4 frilled lizards
  8 rats
171 creatures vanquished.

Vanquished Creatures (collateral kills)
  A wyvern (D:9)
1 creature vanquished.

Vanquished Creatures (others)
  10 plants
10 creatures vanquished.

Grand Total: 182 creatures vanquished

Notes
Turn   | Place    | Note
-------+----------+-------------------------------------------
     0 | D:1      | Oblizorion the Deep Dwarf Fighter began the quest for the
                  | Orb.
     0 | D:1      | Reached XP level 1. HP: 20/20 MP: 1/1
    17 | D:1      | Found a faded altar of an unknown god.
   185 | D:1      | Reached XP level 2. HP: 28/28 MP: 2/2
   369 | D:1      | Found Miwashiusu's Weapon Shoppe.
  1284 | D:2      | Reached XP level 3. HP: 27/31 MP: 3/3
  2435 | D:3      | Noticed an ogre
  2592 | D:3      | Found an opulent altar of Gozag.
  2657 | D:3      | Identified the +3 leather armour of the Prince of Darkness
                  | {Dex+6}
  2701 | D:3      | Found an iron altar of Okawaru.
  2714 | D:3      | Found a sacrificial altar of Ru.
  2726 | D:3      | Became a worshipper of Ru the Awakened
  3580 | D:3      | Identified the +12 dagger of a sewer {freeze, Will+ Dex-5
                  | Stlth+}
  3647 | D:3      | Reached skill level 1 in Short Blades
  3647 | D:3      | Reached XP level 4. HP: 42/42 MP: 4/4
  4302 | D:4      | Reached skill level 1 in Maces & Flails
  4311 | D:4      | Reached XP level 5. HP: 9/49 MP: 5/5
  4540 | D:4      | Noticed an ogre
  4560 | D:4      | Killed an ogre
  4561 | D:4      | Reached XP level 6. HP: 16/56 MP: 4/4
  4774 | D:3      | Reached skill level 5 in Shields
  4813 | D:5      | Entered Level 5 of the Dungeon
  4863 | D:5      | Noticed Blork the orc
  4875 | D:5      | Killed Blork the orc
  4928 | D:5      | Noticed Eustachio
  4949 | D:5      | Killed Eustachio
  4950 | D:5      | Reached XP level 7. HP: 60/63 MP: 5/5
  5077 | D:5      | Reached skill level 5 in Armour
  5086 | D:5      | Reached skill level 1 in Throwing
  5130 | D:5      | Found a staircase to the Ecumenical Temple.
  5438 | D:5      | Found Segayts's Distillery.
  5494 | D:5      | Noticed a troll
  5503 | D:5      | Killed a troll
  5504 | D:5      | Reached skill level 5 in Long Blades
  5504 | D:5      | Reached XP level 8. HP: 9/72 MP: 5/5
  5986 | D:6      | You fall into a shaft and drop 2 floors!
  5999 | D:8      | Reached skill level 1 in Dodging
  6009 | D:8      | Identified the +1 leather armour "Ceghed" {Harm rElec rC++
                  | Int-3}
  6847 | D:6      | Gained mutation: You passively map the area around you.
                  | [Deep Dwarf growth]
  6847 | D:6      | Reached XP level 9. HP: 78/79 MP: 3/3
  6872 | D:6      | Reached skill level 5 in Fighting
  7250 | D:7      | Noticed Pikel
  7265 | D:7      | Killed Pikel
  8397 | D:8      | Reached XP level 10. HP: 53/91 MP: 2/2
  8454 | D:8      | Found a shimmering blue altar of Sif Muna.
  8494 | D:8      | Noticed Maurice
  8512 | D:8      | Killed Maurice
  8864 | D:9      | Noticed a two-headed ogre
  8914 | D:9      | Found Alazof's Jewellery Shoppe.
  9030 | D:9      | Killed a two-headed ogre
  9747 | D:9      | Gained mutation: You passively map a large area around you.
                  | [potion of mutation]
  9747 | D:9      | Gained mutation: Your system is resistant to poisons.
                  | (rPois) [potion of mutation]
 10081 | D:10     | Entered Level 10 of the Dungeon
 10443 | D:10     | Found a flagged portal.
 10475 | D:10     | Noticed a two-headed ogre
 10483 | D:10     | Killed a two-headed ogre
 10490 | Bailey   | Entered a bailey
 11577 | D:5      | Bought a potion of curing for 36 gold pieces
 11577 | D:5      | Bought a potion of curing for 36 gold pieces
 11577 | D:5      | Bought a potion of ambrosia for 96 gold pieces
 12316 | D:10     | Found the +0 staff of Battle
 12325 | D:10     | Killed from afar by a tengu conjurer

Illustrated notes

Levels and vault maps discovered:
D:1:      heliophobic_arrival_henge, layout_loops_corners,
          basic_ecumenical_altar, serial_shops, nicolae_shop_behind_doors,
          minmay_tetromino_o2
D:2:      layout_loops_corners
D:3:      layout_loops_ring, mainiacjoe_overflow_boulevard,
          amethyst_overflow_temple_binary
D:4:      layout_rooms
D:5:      layout_loops_corners, minmay_temple_entry_sparse_star, serial_shops,
          shop_statue, corexii_corridor_pit, minmay_strange_pillars,
          nicolae_grassy_gnolls, uniq_eustachio, uniq_blork_the_orc
D:6:      layout_basic, minmay_misc_feat_more_columns, kennysheep_pointless_box
D:7:      nicolae_BIG_FREAKIN_CUBE, layout_gridville, uniq_pikel
D:8:      layout_basic, lemuel_crystal_altar, kennysheep_generic_room_4,
          uniq_maurice
D:9:      layout_loops_ring, serial_shops, nicolae_shop_waterfront,
          hangedman_decor_peaks_small
D:10:     layout_small_grid, enter_bailey_5, serial_shops, shop_fountains,
          hellmonk_guarded_unrand_staff_of_battle

Skill      XL: |  1  2  3  4  5  6  7  8  9 10 |
---------------+-------------------------------+-----
Fighting       | 3 4 6 7 |  7.3
Short Blades   | 1 |  1.0
Armour         | 4 5 7 8 9 |  9.7
Shields        | 4 5 7 8 9 |  9.5
Maces & Flails | 1 |  1.5
Long Blades    | 3 4 5 6 8 9 |  9.4
Throwing       | 2 3 |  3.5
Dodging        | 1 |  1.7
Stealth        | |  0.8
Evocations     | |  0.8

Action                   |  1- 3 |  4- 6 |  7- 9 | 10-12 || total
-------------------------+-------+-------+-------+-------++-------
Melee: Long sword        |    64 |    83 |   338 |   128 ||   613
       Dagger            |    65 |       |       |       ||    65
       Mace              |     9 |       |       |       ||     9
       Falchion          |       |       |       |    58 ||    58
Throw: Dart              |       |     9 |    10 |     2 ||    21
       Boomerang         |       |     1 |    25 |    37 ||    63
 Abil: Heal Wounds       |     1 |     6 |    17 |     5 ||    29
Evoke: Wand              |       |       |       |     5 ||     5
  Use: Scroll            |     9 |     1 |     1 |     3 ||    14
       Potion            |     3 |     1 |     7 |     6 ||    17
Armor: Scale mail        |    21 |       |       |       ||    21
       Plate armour      |    60 |    40 |   205 |   105 ||   410
Dodge: Dodged            |    47 |    10 |    42 |    29 ||   128
Block: Buckler           |    21 |       |       |       ||    21
       Kite shield       |    26 |    39 |    10 |       ||    75
       Tower shield      |       |       |   268 |   175 ||   443

Table legend: (Time is in decaauts)
 A = Elapsed time spent in this place.
 B = Non-inter-level travel time spent in this place.
 C = Inter-level travel time spent in this place.
 D = Time resting spent in this place.
 E = Time spent auto-exploring this place.
 F = Levels seen in this place.
 G = Mean time per level.
                   A        B        C        D        E       F      G
               +--------+--------+--------+--------+--------+-----+--------+
         Total |  12624 |  10925 |   1699 |   2621 |   3045 |  11 | 1147.6 |
       Dungeon |  12615 |  10916 |   1699 |   2621 |   3045 |  10 | 1261.5 |
        Bailey |      8 |      8 |      0 |      0 |      0 |   1 |    8.0 |
               +--------+--------+--------+--------+--------+-----+--------+

Top non-repeatable levels by time:
     D:3: 1861 daAuts
     D:5: 1654 daAuts
     D:2: 1639 daAuts
     D:8: 1527 daAuts
     D:9: 1452 daAuts
     D:6: 1223 daAuts
     D:1: 1060 daAuts
     D:7: 862 daAuts
     D:4: 783 daAuts
    D:10: 550 daAuts
  Bailey: 8 daAuts
